SBL
WILLIAMSTOWN SEAGULLS @ RICHMOND TIGERS
05/21/2022
 
TOP OF THE 1ST
Williamstown Seagulls batting - Pitching for Richmond Tigers : RHP Col Hurren
Pitching: RHP Col Hurren
Batting: RHB Brad Stuart 0-0: Called Strike
0-1: Ball
1-1: Ball
2-1: Ball
3-1: Foul Ball, location: 9LSF
3-2: SINGLE (Line Drive, 8LS, EV 93.1 MPH)
Batting: LHB Damien Southon 0-0: Ball
1-0: 2-RUN HOME RUN (Line Drive, 9D, EV 106.9 MPH), Distance : 415 ft
Batting: LHB Lonnie Mence 0-0: Ball
1-0: Swinging Strike
1-1: Ground out 6-3 (Groundball, 6, EV 103.8 MPH)
Batting: LHB Brent Reddaway 0-0: Called Strike
0-1: Ball
1-1: Called Strike
1-2: Ground out U3 (Groundball, 34S, EV 83.8 MPH)
Batting: LHB Brant Rice 0-0: Ball
1-0: Foul Ball, location: 3FF
1-1: Ball
2-1: Foul Ball, location: 7LDF
2-2: Foul Ball, location: 2F
2-2: Strikes out swinging
Top of the 1st over - 2 runs, 2 hits, 0 errors, 0 left on base; Williamstown 2 - Richmond 0
BOTTOM OF THE 1ST
Richmond Tigers batting - Pitching for Williamstown Seagulls : RHP Lou Merrick
Pitching: RHP Lou Merrick
Batting: RHB Ken Lazarus 0-0: SINGLE (Groundball, 6M, EV 101.9 MPH)
Batting: SHB Maverick Doig 0-0: Ball
1-0: Ball
2-0: Ball
3-0: Base on Balls
Ken Lazarus to second
Batting: LHB Andy Weisner 0-0: Foul Ball, location: 2RF
0-1: Ball
1-1: Ball
2-1: Grounds into double play, 5-4-3 (Groundball, 5S, EV 84.4 MPH)
Ken Lazarus to third
Batting: LHB Frank Hicken 0-0: SINGLE (Line Drive, 89S, EV 101.3 MPH)
Ken Lazarus scores
Batting: RHB Garry Bodenham 0-0: Foul Ball, location: 2RF
0-1: Ball
1-1: Foul Ball, location: 2F
1-2: Ball
2-2: Ball
3-2: SINGLE (Line Drive, 6M, EV 94.4 MPH)
Frank Hicken to second
Frank Hicken to third
Batting: RHB Darren Ventriss 0-0: Called Strike
0-1: Foul Ball, location: 5F
0-2: Foul Ball, location: 9LMF
0-2: Ball
1-2: SINGLE (Groundball, 4MD, EV 98.1 MPH)
Frank Hicken scores
Garry Bodenham to second
Batting: RHB Matt Huntley 0-0: Ball
1-0: Swinging Strike
1-1: Swinging Strike
1-2: Ball
2-2: Ball
3-2: Strikes out swinging
Bottom of the 1st over - 2 runs, 4 hits, 0 errors, 2 left on base; Williamstown 2 - Richmond 2
TOP OF THE 2ND
Williamstown Seagulls batting - Pitching for Richmond Tigers : RHP Col Hurren
Batting: RHB Brent Finn 0-0: Ball
1-0: Foul Ball, location: 2F
1-1: Fly out, F9 (Flyball, 89S, EV 85.0 MPH)
Batting: LHB Sam Fairfax 0-0: Ground out U3 (Groundball, 3L, EV 80.0 MPH)
Batting: LHB Les Rowe 0-0: Called Strike
0-1: Ball
1-1: Swinging Strike
1-2: Foul Ball, location: 2LF
1-2: Ball
2-2: Strikes out looking
Top of the 2nd over - 0 runs, 0 hits, 0 errors, 0 left on base; Williamstown 2 - Richmond 2
BOTTOM OF THE 2ND
Richmond Tigers batting - Pitching for Williamstown Seagulls : RHP Lou Merrick
Batting: RHB Darren Honeysett 0-0: Foul Ball, location: 2F
0-1: Fly out, F8 (Flyball, 8LXD, EV 106.3 MPH)
Batting: RHB Nick Barker 0-0: Called Strike
0-1: Ground out 6-3 (Groundball, 56, EV 101.3 MPH)
Batting: RHB Ken Lazarus 0-0: Ball
1-0: Called Strike
1-1: Fly out, F8 (Flyball, 89M, EV 83.1 MPH)
Bottom of the 2nd over - 0 runs, 0 hits, 0 errors, 0 left on base; Williamstown 2 - Richmond 2
TOP OF THE 3RD
Williamstown Seagulls batting - Pitching for Richmond Tigers : RHP Col Hurren
Batting: RHB Eric Vaisey 0-0: Swinging Strike
0-1: Ball
1-1: Fly out, F8 (Flyball, 78M, EV 81.9 MPH)
Batting: RHB Brad Stuart 0-0: Ball
1-0: Foul Ball, location: 5FF
1-1: Ball
2-1: Foul Ball, location: 2F
2-2: SINGLE (Line Drive, 3D, EV 108.1 MPH)
Batting: LHB Damien Southon 0-0: Ball
1-0: Foul Ball, location: 3F
1-1: Ball
2-1: Ball
3-1: Foul Ball, location: 2F
3-2: Strikes out swinging
Brad Stuart is caught stealing 2nd base 2-6
Batter strikes out.
Top of the 3rd over - 0 runs, 1 hit, 0 errors, 0 left on base; Williamstown 2 - Richmond 2
BOTTOM OF THE 3RD
Richmond Tigers batting - Pitching for Williamstown Seagulls : RHP Lou Merrick
Batting: SHB Maverick Doig 0-0: Foul Ball, location: 5SF
0-1: Foul Ball, location: 5FF
0-2: Ball
1-2: Strikes out looking
Batting: LHB Andy Weisner 0-0: Ball
1-0: Ball
2-0: SINGLE (Groundball, 4MD, EV 98.8 MPH)
Batting: LHB Frank Hicken 0-0: Foul Ball, location: 2F
0-1: Ball
1-1: SINGLE (Line Drive, 3D, EV 103.8 MPH)
Andy Weisner to second
Batting: RHB Garry Bodenham 0-0: Ball
1-0: Foul Ball, location: 5SF
1-1: Fly out, F9 (Flyball, 9D, EV 106.9 MPH)
Runner from 2nd tags up, OUT at 3rd! 9-5
Bottom of the 3rd over - 0 runs, 2 hits, 0 errors, 1 left on base; Williamstown 2 - Richmond 2
TOP OF THE 4TH
Williamstown Seagulls batting - Pitching for Richmond Tigers : RHP Col Hurren
Batting: LHB Lonnie Mence 0-0: Called Strike
0-1: Ground out 4-3 (Groundball, 4, EV 101.3 MPH)
Batting: LHB Brent Reddaway 0-0: Reached on error, E7 (Flyball, 78S, EV 77.5 MPH)
Batting: LHB Brant Rice 0-0: Ball
Brent Reddaway is caught stealing 2nd base 2-6
1-0: Ball
2-0: Called Strike
2-1: Ball
3-1: Base on Balls
Batting: RHB Brent Finn 0-0: Ball
1-0: Ball
2-0: Ball
3-0: Called Strike
3-1: Called Strike
3-2: Foul Ball, location: 5F
3-2: Base on Balls
Brant Rice to second
Batting: LHB Sam Fairfax 0-0: Ball
1-0: Ball
2-0: Foul Ball, location: 2F
2-1: Ball
3-1: SINGLE (Line Drive, 8RS, EV 88.1 MPH)
Brant Rice to third
Brent Finn to second
Runner from 3rd tries for Home, SAFE, throw by CF to home
Batting: LHB Les Rowe 0-0: Ball
1-0: Ball
2-0: Called Strike
2-1: Fly out, F9 (Flyball, 9, EV 84.4 MPH)
Top of the 4th over - 1 run, 1 hit, 1 error, 2 left on base; Williamstown 3 - Richmond 2
BOTTOM OF THE 4TH
Richmond Tigers batting - Pitching for Williamstown Seagulls : RHP Lou Merrick
Batting: RHB Darren Ventriss 0-0: Foul Ball, location: 2LF
0-1: Ball
1-1: Fly out, F9 (Flyball, 9, EV 92.5 MPH)
Batting: RHB Matt Huntley 0-0: Ground out 6-3 (Groundball, 6, EV 97.5 MPH)
Batting: RHB Darren Honeysett 0-0: Swinging Strike
0-1: Ball
1-1: SINGLE (Groundball, 6, EV 98.8 MPH) (infield hit)
Batting: RHB Nick Barker 0-0: Called Strike
0-1: Ground out 4-3 (Groundball, 4, EV 83.8 MPH)
Bottom of the 4th over - 0 runs, 1 hit, 0 errors, 1 left on base; Williamstown 3 - Richmond 2
TOP OF THE 5TH
Williamstown Seagulls batting - Pitching for Richmond Tigers : RHP Col Hurren
Batting: RHB Eric Vaisey 0-0: Ball
1-0: Called Strike
1-1: Ball
2-1: Fly out, F5 (Popup, 56S, EV 68.1 MPH)
Batting: RHB Brad Stuart 0-0: Swinging Strike
0-1: SINGLE (Line Drive, 8RS, EV 92.5 MPH)
Batting: LHB Damien Southon 0-0: Ball
1-0: Ball
2-0: Ball
3-0: Called Strike
3-1: Foul Ball, location: 3DF
3-2: SINGLE (Line Drive, 8LS, EV 93.8 MPH)
Brad Stuart to second
Batting: LHB Lonnie Mence 0-0: Ball
1-0: Fielders Choice at 2nd, 6-4 (Groundball, 6, EV 88.8 MPH)
Brad Stuart to third
Batting: LHB Brent Reddaway 0-0: Called Strike
0-1: Called Strike
0-2: Foul Ball, location: 2F
0-2: Ball
1-2: Strikes out swinging
Top of the 5th over - 0 runs, 2 hits, 0 errors, 2 left on base; Williamstown 3 - Richmond 2
BOTTOM OF THE 5TH
Richmond Tigers batting - Pitching for Williamstown Seagulls : RHP Lou Merrick
Batting: RHB Ken Lazarus 0-0: Ball
1-0: Ground out U3 (Groundball, 34, EV 108.8 MPH)
Batting: SHB Maverick Doig 0-0: Ball
1-0: SINGLE (Line Drive, 78S, EV 106.9 MPH)
Batting: LHB Andy Weisner 0-0: Ball
1-0: SINGLE (Groundball, 4M, EV 78.1 MPH) (infield hit)
Maverick Doig to second
Batting: LHB Frank Hicken 0-0: Ball
1-0: Ball
2-0: Called Strike
2-1: Fielders Choice at 2nd, 4-6 (Groundball, 34, EV 106.3 MPH)
Maverick Doig to third
Batting: RHB Garry Bodenham 0-0: Fly out, F9 (Flyball, 9, EV 98.8 MPH)
Bottom of the 5th over - 0 runs, 2 hits, 0 errors, 2 left on base; Williamstown 3 - Richmond 2
TOP OF THE 6TH
Williamstown Seagulls batting - Pitching for Richmond Tigers : RHP Col Hurren
Batting: LHB Brant Rice 0-0: Called Strike
0-1: Ball
1-1: Ball
2-1: Ball
3-1: Foul Ball, location: 2F
3-2: Strikes out swinging
Batting: RHB Brent Finn 0-0: Foul Ball, location: 25F
0-1: Foul Ball, location: 9LMF
0-2: SINGLE (Flyball, 4D, EV 90.6 MPH)
Batting: LHB Sam Fairfax Balk!
Brent Finn to second
0-0: Ball
1-0: Foul Ball, location: 23FF
1-1: Foul Ball, location: 2F
1-2: Strikes out swinging passed ball, reaches first!
Brent Finn to third
Batting: LHB Les Rowe 0-0: Foul Ball, location: 23FF
0-1: Fly out, F4 (Flyball, 34D, EV 95.0 MPH)
Batting: RHB Eric Vaisey 0-0: Called Strike
0-1: Ball
1-1: Called Strike
1-2: Ball
2-2: Ball
Wild Pitch!
Brent Finn scores
Sam Fairfax to second
3-2: Strikes out swinging
Top of the 6th over - 1 run, 1 hit, 0 errors, 1 left on base; Williamstown 4 - Richmond 2
BOTTOM OF THE 6TH
Richmond Tigers batting - Pitching for Williamstown Seagulls : RHP Lou Merrick
Batting: RHB Darren Ventriss 0-0: Fly out, F5 (Popup, 15, EV 80.0 MPH)
Batting: RHB Matt Huntley 0-0: Ball
1-0: Fly out, F7 (Flyball, 78S, EV 83.1 MPH)
Batting: RHB Darren Honeysett 0-0: Swinging Strike
0-1: Ball
1-1: Ball
2-1: Ball
3-1: Foul Ball, location: 2F
3-2: Foul Ball, location: 23FF
3-2: Ground out 4-3 (Groundball, 4, EV 87.5 MPH)
Bottom of the 6th over - 0 runs, 0 hits, 0 errors, 0 left on base; Williamstown 4 - Richmond 2
TOP OF THE 7TH
Williamstown Seagulls batting - Pitching for Richmond Tigers : RHP Col Hurren
Pitching: RHP Ben Death
Batting: RHB Brad Stuart 0-0: Ball
1-0: Called Strike
1-1: Swinging Strike
1-2: Fly out, F9 (Flyball, 9, EV 98.1 MPH)
Batting: LHB Damien Southon 0-0: Ball
1-0: Swinging Strike
1-1: Ball
2-1: Foul Ball, location: 7LSF
2-2: SOLO HOME RUN (Flyball, 9D, EV 100.0 MPH), Distance : 404 ft
Batting: LHB Lonnie Mence 0-0: Ball
1-0: Ball
2-0: Foul Ball, location: 23FF
2-1: Foul Ball, location: 2RF
2-2: Foul Ball, location: 3F
2-2: Strikes out swinging
Batting: LHB Brent Reddaway 0-0: Foul Ball, location: 3F
0-1: Swinging Strike
0-2: Ball
1-2: Fly out, F2 (Popup, 2LF, EV 95.6 MPH)
Top of the 7th over - 1 run, 1 hit, 0 errors, 0 left on base; Williamstown 5 - Richmond 2
BOTTOM OF THE 7TH
Richmond Tigers batting - Pitching for Williamstown Seagulls : RHP Lou Merrick
Batting: RHB Nick Barker 0-0: Foul Ball, location: 3F
0-1: Hit by Pitch
Batting: RHB Ken Lazarus 0-0: Foul Ball, location: 23F
0-1: Ball
1-1: Called Strike
1-2: Ball
2-2: Ball
3-2: Fly out, F8 (Line Drive, 8RD, EV 105.6 MPH)
Batting: SHB Maverick Doig 0-0: Called Strike
Nick Barker is caught stealing 2nd base 2-6
0-1: Called Strike
0-2: Ball
1-2: Foul Ball, location: 2F
1-2: Ball
2-2: Ball
3-2: SINGLE (Groundball, 34D, EV 107.5 MPH)
Pitching: RHP Louie Fleming
Batting: LHB Andy Weisner 0-0: Called Strike
0-1: Ball
1-1: Foul Ball, location: 5F
1-2: Ball
2-2: Foul Ball, location: 2F
2-2: Fly out, F9 (Flyball, 9D, EV 95.0 MPH)
Bottom of the 7th over - 0 runs, 1 hit, 0 errors, 1 left on base; Williamstown 5 - Richmond 2
TOP OF THE 8TH
Williamstown Seagulls batting - Pitching for Richmond Tigers : RHP Ben Death
Batting: LHB Brant Rice 0-0: Ball
1-0: Called Strike
1-1: Swinging Strike
1-2: Strikes out looking
Batting: RHB Brent Finn 0-0: Ball
1-0: Called Strike
1-1: Foul Ball, location: 3F
1-2: Ball
2-2: Strikes out looking
Batting: LHB Sam Fairfax 0-0: Ball
1-0: Ball
2-0: Called Strike
2-1: Foul Ball, location: 3FF
2-2: Foul Ball, location: 25FF
2-2: Ball
3-2: DOUBLE (Flyball, 8RXD, EV 102.5 MPH)
Batting: LHB Les Rowe 0-0: Ball
1-0: Ball
2-0: Called Strike
2-1: Swinging Strike
2-2: Strikes out swinging
Top of the 8th over - 0 runs, 1 hit, 0 errors, 1 left on base; Williamstown 5 - Richmond 2
BOTTOM OF THE 8TH
Richmond Tigers batting - Pitching for Williamstown Seagulls : RHP Louie Fleming
Batting: LHB Frank Hicken 0-0: SINGLE (Groundball, 6MS, EV 60.0 MPH) (infield hit)
Pinch Hitting: SHB Stefan McCleary 0-0: SINGLE (Line Drive, 6D, EV 99.4 MPH)
Frank Hicken to second
Batting: RHB Darren Ventriss 0-0: Ball
1-0: Swinging Strike
1-1: Ball
2-1: Foul Ball, location: 2F
2-2: Strikes out swinging
Pinch Hitting: RHB Dae-hwan Kong 0-0: Called Strike
0-1: Foul Ball, location: 5FF
0-2: Foul Ball, location: 2F
0-2: Foul Ball, location: 2F
0-2: Strikes out swinging
Pinch Hitting: RHB Micah Plumtree 0-0: Called Strike
0-1: Fielders Choice at 2nd, 6-4 (Groundball, 6, EV 78.8 MPH)
Bottom of the 8th over - 0 runs, 2 hits, 0 errors, 2 left on base; Williamstown 5 - Richmond 2
TOP OF THE 9TH
Williamstown Seagulls batting - Pitching for Richmond Tigers : RHP Ben Death
Pitching: RHP Dillon Wulf
Now at 1B: Dae-hwan Kong
Now at 2B: Micah Plumtree
Now at SS: Tristen Deas
Pinch Hitting: RHB Johnny Fitzgibbon 0-0: Foul Ball, location: 23F
0-1: Called Strike
0-2: Fly out, F9 (Flyball, 89M, EV 90.6 MPH)
Batting: RHB Brad Stuart 0-0: Foul Ball, location: 9LDF
0-1: Foul Ball, location: 5DF
0-2: TRIPLE (Flyball, 78XD, EV 95.6 MPH)
Batting: LHB Damien Southon 0-0: Called Strike
0-1: Ball
1-1: Ball
2-1: Swinging Strike
2-2: Ball
3-2: Base on Balls
Batting: LHB Lonnie Mence 0-0: Ball
1-0: Ball
2-0: Ball
3-0: Called Strike
3-1: Fly out, F8 (Flyball, 8RM, EV 89.4 MPH)
Runner from 3rd tags up, SCORES, throw by CF
Batting: LHB Brent Reddaway 0-0: Ball
1-0: Ball
2-0: Ball
3-0: Base on Balls
Damien Southon to second
Batting: LHB Brant Rice 0-0: Ball
1-0: Called Strike
1-1: Ball
2-1: Ball
3-1: Foul Ball, location: 7LDF
3-2: Strikes out looking
Top of the 9th over - 1 run, 1 hit, 0 errors, 2 left on base; Williamstown 6 - Richmond 2
BOTTOM OF THE 9TH
Richmond Tigers batting - Pitching for Williamstown Seagulls : RHP Louie Fleming
Pitching: RHP Mick Kvernoey
Now at C: John Leney
Pinch Hitting: RHB Paul Funnell 0-0: Fly out, F8 (Flyball, 8RM, EV 88.8 MPH)
Batting: RHB Ken Lazarus 0-0: Foul Ball, location: 25F
0-1: Ball
1-1: Ball
2-1: Foul Ball, location: 2F
2-2: Strikes out swinging
Batting: SHB Maverick Doig 0-0: Ball
1-0: Called Strike
1-1: DOUBLE (Flyball, 8LXD, EV 100.6 MPH)
Batting: LHB Andy Weisner 0-0: Swinging Strike
0-1: SINGLE (Groundball, P, EV 78.1 MPH) (infield hit)
Maverick Doig to third
Batting: LHB Frank Hicken 0-0: Ball
1-0: SINGLE (Line Drive, 78S, EV 85.6 MPH)
Maverick Doig scores
Andy Weisner to second
Batting: RHB Tristen Deas 0-0: Ball
1-0: Ball
2-0: Ground out 4-3 (Groundball, 4, EV 95.6 MPH)
Bottom of the 9th over - 1 run, 3 hits, 0 errors, 2 left on base; Williamstown 6 - Richmond 3
Saturday, May 4th , 2024 - OOTP Baseball 24.9 Build 80